 Dungeon Crawl Stone Soup version 0.20-a0-739-g6bb112f (webtiles) character file.

256461 graki42 the Sorcerer (level 19, -6/96 HPs)
             Began as a Deep Elf Fire Elementalist on Feb 23, 2017.
             Was the Champion of Vehumet.
             Shot with an arrow by a deep elf master archer (21 damage)
             ... on level 3 of the Elven Halls on Feb 24, 2017.
             The game lasted 04:35:04 (43989 turns).

graki42 the Sorcerer (Deep Elf Fire Elementalist)  Turns: 43989, Time: 04:35:05

Health: -6/96      AC: 15    Str:  8    XL:     19   Next: 7%
Magic:  14/56      EV: 17    Int: 26    God:    Vehumet [******]
Gold:   1863       SH:  0    Dex: 19    Spells: 6/63 levels left

rFire    + . .     SeeInvis .   C - +3 scythe of Omoho {pain, rF+ rC+ Dex+4 Stlth+}
rCold    + + .     Gourm    .   r - +3 leather armour {MR+}
rNeg     + . .     Faith    .   (shield currently unavailable)
rPois    .         Spirit   .   G - +2 helmet
rElec    .         Reflect  .   Y - +1 cloak {rC+}
rCorr    .         Harm     .   w - +2 pair of gloves
MR       ++...                  (no boots)
Stlth    ++++......             F - amulet of magic regeneration
Regen    0.3/turn               n - ring of positive energy
MPRegen  0.6/turn               x - ring of magical power

@: no status effects
A: deterioration 1
}: 2/15 runes: decaying, gossamer
a: Renounce Religion


You were on level 3 of the Elven Halls.
You worshipped Vehumet.
Vehumet was exalted by your worship.
You were very hungry.

You visited 7 branches of the dungeon, and saw 30 of its levels.
You also visited: Labyrinth, Sewer and Ice Cave.

You collected 3421 gold pieces.
You spent 1558 gold pieces at shops.

Inventory:

Hand Weapons
 C - the +3 scythe of Omoho (weapon) {pain, rF+ rC+ Dex+4 Stlth+}
   (You found it on level 9 of the Dungeon)

   In the hands of one skilled in necromantic magic, it inflicts extra damage on
   living creatures.
   It affects your dexterity (+4).
   It protects you from fire.
   It protects you from cold.
   It makes you more stealthy.
Armour
 r - a +3 leather armour of magic resistance (worn)
 w - a +2 pair of gloves (worn)
 D - the +5 ring mail "Otur" {rC+++ rCorr Int+4 Dex-4}
   (You found it on level 6 of the Dungeon)

   It affects your intelligence (+4).
   It affects your dexterity (-4).
   It renders you almost immune to cold.
   It protects you from acid and corrosion.
 G - a +2 helmet (worn)
 I - a +2 buckler
 K - a +2 robe of fire resistance
 Y - a +1 cloak of cold resistance (worn)
Jewellery
 i - an uncursed amulet of regeneration
 n - a ring of positive energy (right hand)
 o - a +5 ring of protection
 x - a ring of magical power (left hand)
 E - an uncursed ring of flight
 F - an amulet of magic regeneration (around neck)
Wands
 t - a wand of digging (14/24)
 u - a wand of flame (17/48)
 v - a wand of confusion (15/48)
 L - a wand of lightning (8/15)
 T - a wand of iceblast (7/15)
 V - a wand of iceblast (6/15)
Scrolls
 f - a scroll of enchant armour
 g - 7 scrolls of magic mapping
 k - 3 scrolls of teleportation
 l - a scroll of silence
 m - 14 scrolls of remove curse
 y - 4 scrolls of fog
 H - 2 scrolls of blinking
 O - 2 scrolls of immolation
 S - 2 scrolls of amnesia
Potions
 d - a potion of brilliance
 e - 2 potions of heal wounds
 q - 10 potions of curing
 z - 6 potions of ambrosia
 B - 2 potions of flight
 Q - 2 potions of cancellation
Books
 p - the Tome of Evil Rites
   (You found it on level 1 of the Elven Halls)

   Spells                             Type                      Level
   a - Pain                           Necromancy                   1
   b - Corpse Rot                     Necromancy                   2
   c - Vampiric Draining              Necromancy                   3
Miscellaneous
 a - a sack of spiders
 J - a lamp of fire (inert)
Comestibles
 b - 9 royal jellies
 c - 8 bread rations
 h - a fruit
 j - a meat ration


   Skills:
 + Level 3.1 Fighting
   Level 1.7 Short Blades
 + Level 0.1 Polearms
 + Level 5.6 Armour
 + Level 7.5 Dodging
 + Level 6.1 Stealth
 + Level 0.1 Unarmed Combat
 + Level 22.5 Spellcasting
 + Level 17.6 Conjurations
 + Level 5.5 Hexes
 * Level 16.9 Fire Magic
   Level 2.0 Ice Magic
 * Level 13.9 Earth Magic
 + Level 1.3 Evocations


You had 6 spell levels left.
You knew the following spells:

 Your Spells              Type           Power        Failure   Level  Hunger
a - Flame Tongue          Conj/Fire      #####        0%          1    None
b - Conjure Flame         Conj/Fire      #######.     0%          3    None
c - Inner Flame           Hex/Fire       ######..     1%          3    None
d - Sticky Flame          Conj/Fire      #######.     0%          4    None
e - Fireball              Conj/Fire      #######...   1%          5    None
f - Iron Shot             Conj/Erth      #######...   1%          6    None
g - Bolt of Fire          Conj/Fire      #######...   1%          6    None
h - Lehudib's Crystal Sp  Conj/Erth      #######...   5%          8    #####..
i - Iskenderun's Mystic   Conj           #######.     0%          4    None
j - Blink                 Tloc           N/A          2%          2    None
k - Ignition              Fire           #######...   3%          8    #####..
l - Orb of Destruction    Conj           #######...   1%          7    ###....


Dungeon Overview and Level Annotations

Branches:
Dungeon (10/15)            Temple (1/1) D:6            Lair (6/6) D:8
  Swamp (4/4) Lair:3       Spider (4/4) Lair:4        Slime (0/5) Lair:6
    Orc (2/2) D:10            Elf (3/3) Orc:2

Altars:
Ashenzari
Cheibriados
Elyvilon
Fedhas
Gozag
Hepliaklqana
Kikubaaqudgha
Makhleb
Nemelex Xobeh
Qazlal
Ru
Sif Muna
Trog
Uskayaw
Vehumet
Wu Jian
Xom
Yredelemnul
The Shining One
Beogh
Jiyva

Shops:
D:10 (}   Orc:2 :(!%   Elf:1 (

Portals:
Pandemonium: Orc:2

Annotations:
D:8 Syneil's ghost, novice TrMo
Lair:6 George's ghost, journeyman HOFi
Spider:2 Arachne
Elf:2 3 runed doors


Innate Abilities, Weirdness & Mutations

Your body sometimes deteriorates upon taking damage.


Message History

Press: ? - help, Shift-Dir - straight line, f - deep elf master archer
Aim: a deep elf master archer, wearing a leather armour and wearing an ivory ring The crystal spear hits the deep elf master archer.
The deep elf master archer is severely wounded.
You hear a shout! x2
The deep elf master archer wields a longbow.
The deep elf master archer shoots an arrow.
The arrow hits you!!
* * * LOW HITPOINT WARNING * * *
A deep elf death mage comes into view. It is wielding a rapier of venom.
Casting: Lehudib's Crystal Spear
Confirm with . or Enter, or press ? or * to list all spells.
Aiming: Lehudib's Crystal Spear
Press: ? - help, Shift-Dir - straight line, f/p - deep elf master archer
Aim: a deep elf master archer, wielding a longbow, wearing a leather armour and wearing an ivory ring (severely wounded)
The crystal spear misses the deep elf master archer.
You are feeling very hungry.
The deep elf master archer shoots an arrow.
The arrow hits you!!
You die...

#)######))....##
#.# #..)....#
#.# #.......#
#(# #.......#
#.# ##.....##
#)# #.....#
##)## ####### #
#..)## ##
##@).## ##.
##)..## ##..
##e..# #...
#)e.## #...
...(e..## #...
...)..## #...
...)..# #...
...... ##..
#..... ##.


You could see a deep elf master archer and a deep elf death mage.

Vanquished Creatures
  Nikola (Swamp:3)
  A bone dragon (Swamp:4)
  A deep elf master archer (Elf:3)
  2 deep elf blademasters (Elf:3)
  3 thorn hunters
  3 deep elf sorcerers (Elf:3)
  An orc warlord (Orc:2)
  2 ghost moths (Spider:4)
  3 emperor scorpions
  2 deep elf elementalists (Elf:3)
  2 deep elf demonologists (Elf:3)
  A deep elf annihilator (Elf:3)
  A dire elephant (Lair:6)
  The ghost of nubinia the Eclecticist, a journeyman DEFE of Sif Muna (Lair:6)
  2 spark wasps
  A minotaur (Lab)
  3 deep elf death magi
  A deep elf high priest (Elf:3)
  5 ghost crabs
  10 hydras
  5 two-headed ogres
  17 alligators
  10 dancing weapons
  5 death yaks
  8 death scarabs (Spider:4)
  6 orc high priests (Orc:2)
  Urug (Lair:2)
  17 deep elf knights
  A sun demon (Orc:2)
  A sixfirhy (Orc:2)
  A spriggan druid (Swamp:2)
  2 swamp dragons
  2 infernal demonspawn (Orc:2)
  3 spectral hydras (Swamp:4)
  5 shambling mangroves
  10 deep elf archers
  A phantasmal warrior (Swamp:4)
  2 large abominations (Elf:1)
  4 orc knights (Orc:2)
  5 spectral wolf spiders (Spider:4)
  2 necromancers
  10 orb spiders
  A cyclops (Orc:1)
  31 deep elf magi
  21 wolf spiders
  7 orc sorcerers
  4 moths of wrath
  6 black mambas
  Maurice (D:8)
  8 elephants
  2 spiny frogs (shapeshifter) (Elf:3)
  An ice statue (IceCv)
  2 centaur skeletons
  2 rime drakes (Lair:6)
  23 spiny frogs
  2 spectral redbacks (Spider:4)
  A redback zombie (Spider:4)
  6 swamp worm zombies (Swamp:4)
  11 komodo dragons
  10 freezing wraiths (IceCv)
  11 demonic crawlers
  A red devil (Orc:2)
  3 trolls
  6 tyrant leeches
  A hydra zombie (Swamp:4)
  A polar bear (Lair:4)
  7 spectral tarantellas (Spider:4)
  A wolf spider simulacrum (IceCv)
  39 jumping spiders
  14 hornets
  4 spectral jumping spiders (Spider:4)
  2 spectral swamp dragons
  Grinder (D:3)
  10 slime creatures (Swamp:3)
  A tarantella zombie (Spider:4)
  2 alligator zombies (Swamp:4)
  18 blink frogs
  8 hippogriffs
  11 bog bodies
  47 redbacks
  3 air elementals
  19 yaks
  4 spriggans
  5 water elementals
  19 tarantellas
  3 wyverns
  A basilisk (shapeshifter) (Elf:3)
  42 vampire mosquitoes
  2 fire elementals
  A basilisk (Lair:2)
  4 hungry ghosts (Lab)
  2 chaos spawn (Orc:2)
  4 wargs
  Menkaure (D:7)
  A death yak simulacrum (IceCv)
  15 swamp worms
  24 insubstantial wisps
  8 water moccasins
  2 hell hounds (D:8)
  9 ice beasts
  16 porcupines
  9 swamp drakes
  38 orc warriors
  2 sky beasts
  3 hornet zombies (Spider:4)
  6 swamp dragon zombies (Swamp:4)
  6 necrophages (Swamp:2)
  8 phantoms
  11 ogres
  4 centaurs
  23 crocodiles
  24 wolves
  3 elf zombies (Elf:1)
  17 bullfrogs
  3 earth elementals
  A wyvern zombie (D:10)
  4 scorpions
  An elephant simulacrum (IceCv)
  15 killer bees
  A vampire bat (Lair:2)
  5 electric eels
  6 howler monkeys
  3 crimson imps
  2 bullfrog zombies
  A centaur zombie (D:7)
  A draconian simulacrum (IceCv)
  7 jellies
  23 orc priests
  7 hounds
  18 orc wizards
  2 bullfrog skeletons
  A gnoll shaman (Orc:1)
  4 iguanas
  Jessica (D:3)
  Terence (D:3)
  8 worker ants
  Natasha (twice) (D:3)
  6 hell rats
  3 spriggan simulacra (IceCv)
  7 troll simulacra (IceCv)
  A wolf simulacrum (IceCv)
  A centaur simulacrum (IceCv)
  A hound skeleton (D:7)
  3 worker ant zombies
  12 gnolls
  A howler monkey skeleton (D:5)
  3 swamp drake zombies (Swamp:4)
  12 adders
  4 naga simulacra (IceCv)
  4 ogre simulacra (IceCv)
  2 shadow imps (D:6)
  13 white imps
  An ooze (D:6)
  3 adder skeletons
  2 worms
  3 dart slugs
  7 leopard geckos
  74 orcs
  3 ball pythons
  10 giant cockroaches
  10 goblins
  A hobgoblin (shapeshifter) (Elf:3)
  2 hobgoblins (D:2)
  11 jackals
  5 kobolds
  4 quokkas
  15 bats
  7 frilled lizards
  A jackal skeleton (D:8)
  A jackal zombie (D:8)
  20 rats
  2 plants
1202 creatures vanquished.

Vanquished Creatures (others)
  A hornet (Swamp:4)
  A spriggan (Swamp:4)
  A quokka (D:8)
  4 fungi (Lair:6)
  A plant (Lair:6)
  7 toadstools (Swamp:2)
15 creatures vanquished.

Grand Total: 1217 creatures vanquished

Notes
Turn   | Place    | Note
-------+----------+-------------------------------------------
     0 | D:1      | graki42 the Deep Elf Fire Elementalist began the quest for the Orb.
     0 | D:1      | Reached XP level 1. HP: 10/10 MP: 6/6
   358 | D:1      | Reached XP level 2. HP: 15/15 MP: 5/8
   957 | D:2      | Reached XP level 3. HP: 19/19 MP: 6/9
   962 | D:2      | Learned a level 3 spell: Conjure Flame
   966 | D:2      | Learned a level 3 spell: Inner Flame
  1234 | D:2      | Found a blossoming altar of Fedhas.
  1236 | D:2      | Found an ancient bone altar of Kikubaaqudgha.
  1604 | D:2      | Found a bloodstained altar of Trog.
  1645 | D:3      | Reached XP level 4. HP: 24/24 MP: 9/11
  1659 | D:3      | Reached skill level 4 in Spellcasting
  1928 | D:3      | Learned a level 4 spell: Sticky Flame
  1967 | D:3      | Noticed Grinder
  2016 | D:3      | Noticed Jessica
  2022 | D:3      | Killed Jessica
  2022 | D:3      | Reached XP level 5. HP: 28/28 MP: 0/13
  2154 | D:3      | Noticed Natasha
  2161 | D:3      | Killed Natasha
  2359 | D:3      | Noticed Terence
  2374 | D:3      | Killed Terence
  2492 | D:3      | Paralysed by Grinder for 4 turns
  2500 | D:3      | Killed Grinder
  2500 | D:3      | Reached skill level 5 in Spellcasting
  2500 | D:3      | Reached XP level 6. HP: 7/32 MP: 6/16
  2821 | D:3      | Noticed Natasha
  2823 | D:3      | Killed Natasha
  2823 | D:3      | Reached skill level 5 in Fire Magic
  3118 | D:4      | Reached skill level 1 in Hexes
  3118 | D:4      | Reached XP level 7. HP: 34/36 MP: 12/17
  3123 | D:4      | Reached skill level 6 in Spellcasting
  3226 | D:4      | Found a glowing drain.
  3238 | Sewer    | Entered a sewer
  4541 | D:4      | Reached skill level 7 in Spellcasting
  4589 | D:4      | Reached skill level 5 in Conjurations
  4642 | D:5      | Entered Level 5 of the Dungeon
  4852 | D:5      | Found a deep blue altar of Sif Muna.
  4869 | D:5      | Learned a level 5 spell: Fireball
  5582 | D:5      | Reached XP level 8. HP: 19/41 MP: 13/21
  5944 | D:6      | Reached skill level 8 in Spellcasting
  6162 | D:6      | Found a sparkling altar of Nemelex Xobeh.
  6257 | D:6      | Found a staircase to the Ecumenical Temple.
  6282 | Temple   | Entered the Ecumenical Temple
  6300 | Temple   | Became a worshipper of Vehumet
  6635 | D:6      | Reached skill level 9 in Spellcasting
  7072 | D:6      | Reached skill level 5 in Stealth
  7072 | D:6      | Reached XP level 9. HP: 35/46 MP: 19/24
  7103 | D:6      | Got an encrusted ring mail
  7114 | D:6      | Identified the +5 ring mail "Otur" {rC+++ rCorr Int+4 Dex-4} (You found it on level 6 of the Dungeon)
  7364 | D:7      | Reached skill level 1 in Fighting
  7658 | D:7      | Reached * piety under Vehumet
  7658 | D:7      | Offered knowledge of Shock by Vehumet.
  7718 | D:7      | Noticed Menkaure
  7727 | D:7      | Killed Menkaure
  7727 | D:7      | Reached skill level 1 in Short Blades
  7727 | D:7      | Reached skill level 1 in Armour
  7727 | D:7      | Reached skill level 10 in Spellcasting
  7837 | D:7      | Found a stormy altar of Qazlal.
  7843 | D:7      | Found a burning altar of Makhleb.
  7844 | D:7      | Found a sparkling altar of Nemelex Xobeh.
  8312 | D:8      | Found a sacrificial altar of Ru.
  8328 | D:8      | Found an ornate altar of the Wu Jian Council.
  8352 | D:9      | Noticed a two-headed ogre
  8390 | D:9      | Killed a two-headed ogre
  8393 | D:9      | Reached XP level 10. HP: 52/52 MP: 3/26
  8495 | D:9      | Offered knowledge of Throw Frost by Vehumet.
  8538 | D:9      | Reached skill level 11 in Spellcasting
  8620 | D:9      | Identified the Almanac of Bewitching Stones
  8664 | D:9      | Reached ** piety under Vehumet
  8693 | D:9      | Got an ichor-stained scythe
  8695 | D:9      | Identified the cursed +3 scythe of Omoho {pain, rF+ rC+ Dex+4 Stlth+} (You found it on level 9 of the Dungeon)
  8810 | D:9      | Learned a level 2 spell: Throw Frost
  9281 | D:8      | Noticed Maurice
  9292 | D:8      | Killed Maurice
  9318 | D:8      | Noticed a two-headed ogre
  9328 | D:8      | Noticed Syneil's ghost (novice TrMo)
  9333 | D:8      | Killed a two-headed ogre
  9333 | D:8      | Reached skill level 5 in Dodging
  9452 | D:8      | Reached skill level 12 in Spellcasting
  9452 | D:8      | Reached skill level 1 in Ice Magic
  9464 | D:8      | Found a staircase to the Lair.
  9554 | D:8      | Offered knowledge of Ignite Poison by Vehumet.
  9623 | D:8      | Found a shattered altar of Ashenzari.
  9798 | D:8      | Reached XP level 11. HP: 56/56 MP: 15/29
 10042 | D:8      | Noticed a two-headed ogre
 10058 | D:8      | Killed a two-headed ogre
 10342 | D:8      | Found a white marble altar of Elyvilon.
 10345 | D:8      | Reached *** piety under Vehumet
 10527 | D:10     | Entered Level 10 of the Dungeon
 10641 | D:10     | Found Urushum's Antique Weapon Emporium.
 10719 | D:10     | Found a staircase to the Orcish Mines.
 11049 | D:10     | Reached skill level 13 in Spellcasting
 11114 | D:10     | Found Nauqua's Gadget Shop.
 11262 | D:10     | Offered knowledge of Throw Icicle by Vehumet.
 11270 | D:10     | Learned a level 4 spell: Throw Icicle
 11564 | Lair:1   | Entered Level 1 of the Lair of Beasts
 11614 | Lair:1   | Reached skill level 10 in Fire Magic
 11846 | Lair:1   | Reached **** piety under Vehumet
 11969 | Lair:1   | Offered knowledge of Airstrike by Vehumet.
 11969 | Lair:1   | Reached skill level 10 in Conjurations
 12429 | Lair:2   | Noticed Urug
 12487 | Lair:2   | Found a labyrinth entrance.
 12490 | Lab      | Entered a labyrinth
 13333 | Lab      | Reached skill level 14 in Spellcasting
 13714 | Lab      | Noticed a minotaur
 13720 | Lab      | Killed a minotaur
 13837 | Lair:2   | Reached XP level 12. HP: 49/61 MP: 32/32
 14189 | Lair:2   | Killed Urug
 15051 | Lair:3   | Reached ***** piety under Vehumet
 15126 | Lair:3   | Offered knowledge of Iskenderun's Mystic Blast by Vehumet.
 15167 | Lair:3   | Reached skill level 15 in Spellcasting
 15359 | Lair:3   | Found a staircase to the Swamp.
 16121 | Lair:4   | Found a hole to the Spider Nest.
 16221 | Lair:1   | Learned a level 4 spell: Iskenderun's Mystic Blast
 16230 | Lair:1   | Learned a level 8 spell: Lehudib's Crystal Spear
 16584 | Lair:4   | Reached skill level 1 in Earth Magic
 16781 | Lair:4   | Noticed a five-headed hydra
 16785 | Lair:4   | Killed a five-headed hydra
 17448 | Lair:5   | Reached XP level 13. HP: 66/66 MP: 29/34
 17721 | Lair:5   | Reached skill level 16 in Spellcasting
 18651 | Lair:6   | Entered Level 6 of the Lair of Beasts
 18729 | Lair:6   | Noticed nubinia's ghost (journeyman DEFE)
 19852 | Lair:6   | Killed nubinia's ghost
 19852 | Lair:6   | Reached skill level 5 in Earth Magic
 19968 | Lair:6   | Found a viscous altar of Jiyva.
 19968 | Lair:6   | Found a staircase to the Slime Pits.
 19973 | Lair:6   | Reached skill level 17 in Spellcasting
 20274 | Lair:6   | Noticed a dire elephant
 20286 | Lair:6   | Killed a dire elephant
 20738 | Lair:6   | Reached XP level 14. HP: 71/71 MP: 24/37
 20739 | Lair:6   | Noticed George's ghost (journeyman HOFi)
 21133 | Orc:1    | Entered Level 1 of the Orcish Mines
 21675 | Orc:2    | Entered Level 2 of the Orcish Mines
 21675 | Orc:2    | Found a frozen archway.
 21684 | Orc:2    | Noticed an orc warlord
 21688 | Orc:2    | Killed an orc warlord
 21834 | IceCv    | Entered an ice cave
 21858 | IceCv    | Offered knowledge of Fulminant Prism by Vehumet.
 22160 | IceCv    | Found an ancient bone altar of Kikubaaqudgha.
 22346 | IceCv    | Reached ****** piety under Vehumet
 22430 | IceCv    | Identified the Volume of Cold
 22866 | Orc:2    | Reached skill level 18 in Spellcasting
 22969 | Orc:2    | Found a staircase to the Elven Halls.
 23358 | Orc:2    | Reached skill level 5 in Armour
 23433 | Orc:2    | Offered knowledge of Iron Shot by Vehumet.
 23473 | Orc:2    | Learned a level 6 spell: Iron Shot
 23483 | Orc:2    | Found Qaugut's Distillery.
 23589 | Orc:2    | Found Hirrav's Food Boutique.
 24891 | Orc:2    | Found Kebeow's Book Emporium.
 24891 | Orc:2    | Found a one-way gate leading to the halls of Pandemonium.
 24891 | Orc:2    | Found Xaofed's Antique Weapon Shoppe.
 24902 | Orc:2    | Bought an ancient triple crossbow for 330 gold pieces
 24902 | Orc:2    | Bought a jewelled glaive for 253 gold pieces
 24902 | Orc:2    | Identified the +3 glaive "Louxip" {flame, *Rage +Rage rElec rN+} (You bought it in a shop on level 2 of the Orcish Mines)
 24903 | Orc:2    | Identified the +10 triple crossbow of Intuition {speed, Int+7} (You bought it in a shop on level 2 of the Orcish Mines)
 24952 | Orc:2    | Bought a potion of heal wounds for 75 gold pieces
 24952 | Orc:2    | Bought a potion of heal wounds for 75 gold pieces
 24952 | Orc:2    | Bought a potion of heal wounds for 75 gold pieces
 24952 | Orc:2    | Bought a potion of experience for 750 gold pieces
 24952 | Orc:2    | Reached skill level 5 in Hexes
 24952 | Orc:2    | Reached XP level 15. HP: 76/76 MP: 39/39
 25482 | Lair:1   | Learned a level 2 spell: Blink
 25528 | Swamp:1  | Entered Level 1 of the Swamp
 25733 | Spider:1 | Entered Level 1 of the Spider Nest
 25735 | Spider:1 | Offered knowledge of Bolt of Magma by Vehumet.
 25911 | Swamp:1  | Reached XP level 16. HP: 81/81 MP: 18/40
 26352 | Swamp:1  | Reached skill level 19 in Spellcasting
 26868 | Swamp:2  | Noticed a thorn hunter
 26892 | Swamp:2  | Killed a thorn hunter
 27288 | Swamp:2  | Noticed a thorn hunter
 27661 | Swamp:2  | Killed a thorn hunter
 28994 | Swamp:3  | Reached skill level 15 in Conjurations
 29099 | Swamp:3  | Reached skill level 10 in Earth Magic
 29237 | Swamp:3  | Offered knowledge of Bolt of Fire by Vehumet.
 29296 | Swamp:3  | Noticed Nikola
 29363 | Swamp:3  | Killed Nikola
 29666 | Swamp:3  | Noticed a thorn hunter
 29673 | Swamp:3  | Killed a thorn hunter
 29673 | Swamp:3  | Reached skill level 20 in Spellcasting
 30379 | Swamp:4  | Entered Level 4 of the Swamp
 32315 | Spider:1 | Reached XP level 17. HP: 86/86 MP: 17/43
 32723 | Spider:1 | Found a roughly hewn altar of Beogh.
 33337 | Spider:2 | Noticed Arachne
 34251 | Spider:4 | Entered Level 4 of the Spider Nest
 34487 | Spider:4 | Offered knowledge of Conjure Ball Lightning by Vehumet.
 35298 | Spider:3 | Upgraded the game from 0.20-a0-738-gb057e68 to 0.20-a0-739-g6bb112f
 35433 | Spider:4 | Reached skill level 21 in Spellcasting
 35433 | Spider:4 | Reached skill level 15 in Fire Magic
 37051 | Spider:4 | Learned a level 8 spell: Ignition
 37065 | Spider:4 | Offered knowledge of Orb of Destruction by Vehumet.
 37173 | Spider:4 | Got a gossamer rune of Zot
 37423 | Lair:1   | Learned a level 6 spell: Bolt of Fire
 37431 | Lair:1   | Learned a level 7 spell: Orb of Destruction
 37983 | Swamp:4  | Reached XP level 18. HP: 92/92 MP: 3/45
 38692 | Swamp:4  | Noticed a bone dragon
 38698 | Swamp:4  | Killed a bone dragon
 38992 | Swamp:4  | Offered knowledge of Fire Storm by Vehumet.
 38992 | Swamp:4  | Offered knowledge of Shatter by Vehumet.
 38992 | Swamp:4  | Offered knowledge of Tornado by Vehumet.
 39925 | Swamp:4  | Got a decaying rune of Zot
 40532 | Elf:1    | Entered Level 1 of the Elven Halls
 40634 | Elf:1    | Found Maqah Lirr's Antique Weapon Shop.
 41092 | Elf:1    | Identified the Tome of Evil Rites
 42062 | Elf:2    | Reached skill level 22 in Spellcasting
 42126 | Elf:2    | Found a runed gate.
 42126 | Elf:2    | Found a runed gate.
 42130 | Elf:2    | Found a runed gate.
 42706 | Elf:3    | Entered Level 3 of the Elven Halls
 43647 | Elf:3    | Gained mutation: Your body sometimes deteriorates upon taking damage. [a cacodemon]
 43766 | Elf:3    | Reached skill level 1 in Evocations
 43921 | Elf:3    | Reached XP level 19. HP: 92/96 MP: 35/47
 43989 | Elf:3    | Shot with an arrow by a deep elf master archer

Vault maps used:
D:1:      minmay_arrival_four_circles
D:2:      grunt_temple_overflow_growth_and_decay, lightli_temple_of_fire
D:3:      kennysheep_generic_room_4, uniq_grinder, uniq_natasha, uniq_terence,
          uniq_jessica
D:4:      gup_sewer_entry_pipe, st_stairs_6, minmay_fire_ice_demons
D:5:      lemuel_round_altar, first_bread
D:6:      minmay_temple_entry_overgrown, nemelex_diamond_rough_becter
D:7:      nicolae_overflow_hidden_temple, uniq_menkaure
D:8:      statuecave_lemuel, elyvilon_altar_4, minmay_lair_entry_lava,
          basic_altar, hangedman_feature_mirror, uniq_maurice
D:9:      the_bakery, minmay_diamond_spiral
D:10:     erik_orc_1, serial_shops, kennysheep_little_box, shop
Temple:   eino_temple_lava
Lair:1:   beast_lair_carwin_10, infiniplex_staircase_pool_2
Lair:2:   lab_entry_generic, roderic_batcave, uniq_urug
Lair:3:   swamp_mist_pool, minivault_11, beast_lair_carwin_2,
          grunt_megastairs_1, serial_bayou_shore_b
Lair:4:   spider_nest_entry_rubble, pond
Lair:6:   evil_forest, slime_altar_1, grunt_megastairs_5
Swamp:1:  evilmike_swamp_ruin_house_3
Swamp:2:  cheibrodos_swamp_tower_of_moss, evilmike_swamp_ruin_rubble_1,
          swamp_pool1, roderic_carrion_pond, infiniplex_staircase_pool
Swamp:3:  hangedman_swamp_lotus, uniq_nikola
Swamp:4:  swamp_pestilence
Spider:1: nicolae_spider_mines_2
Spider:2: uniq_arachne
Spider:4: floodkiller_spider_rune_tomb
Orc:1:    guppyfry_library_mini
Orc:2:    pf_orc_diabolical, portal_ice_cave_entry_pillars_1
Elf:1:    elf_arrival_001, serial_shops, shop, minmay_elf_necromancy
Elf:2:    uniq_louise, uniq_asterion, uniq_azrael
Elf:3:    grunt_elf_hall_asides
Lab:      labyrinth_skeletal_remains, nicolae_lab_flowing_pool
Sewer:    sewer_co_cracked_pipes
IceCv:    ice_cave_small_necro

Skill      XL: |  1  2  3  4  5  6  7  8  9 10 11 12 13 14 15 16 17 18 |
---------------+-------------------------------------------------------+-----
Stealth        | 3 4 5 6 |  6.1
Conjurations   | 2 3 4 5 6 7 9 10 12 13 14 15 16 17 | 17.6
Fire Magic     | 4 5 6 7 8 9 10 11 12 13 14 15 16 | 16.9
Dodging        | 3 4 5 6 7 |  7.5
Spellcasting   | 4 5 7 9 10 12 14 15 17 18 20 21 22 | 22.5
Hexes          | 1 2 3 5 |  5.5
Fighting       | 1 2 3 |  3.1
Short Blades   | 1 |  1.7
Armour         | 1 2 3 4 5 |  5.6
Ice Magic      | 1 2 |  2.0
Earth Magic    | 2 5 8 10 12 13 | 13.9
Evocations     | 1 |  1.3
Polearms       | |  0.1
Unarmed Combat | |  0.1

Action                   |  1- 3 |  4- 6 |  7- 9 | 10-12 | 13-15 | 16-18 | 19-21 || total
-------------------------+-------+-------+-------+-------+-------+-------+-------++-------
Melee: Dagger            |       |     4 |    27 |     1 |       |       |       ||    32
       Unarmed           |       |     1 |       |       |       |       |       ||     1
       Scythe            |       |       |       |     7 |     1 |     3 |       ||    11
 Cast: Flame Tongue      |    71 |    55 |   167 |   222 |    47 |    42 |       ||   604
       Sticky Flame      |       |     4 |    38 |    68 |    52 |    59 |       ||   221
       Conjure Flame     |       |     1 |    10 |    11 |    11 |    11 |       ||    44
       Inner Flame       |       |     1 |     9 |     9 |    19 |     4 |       ||    42
       Fireball          |       |       |     2 |   112 |   182 |   328 |     1 ||   625
       Throw Frost       |       |       |       |    17 |       |       |       ||    17
       Throw Icicle      |       |       |       |    23 |   102 |     3 |       ||   128
       Iskenderun's Myst |       |       |       |     7 |    33 |   251 |       ||   291
       Iron Shot         |       |       |       |       |    46 |   243 |     6 ||   295
       Orb of Destructio |       |       |       |       |       |     7 |       ||     7
       Ignition          |       |       |       |       |       |     4 |     1 ||     5
       Bolt of Fire      |       |       |       |       |       |    19 |       ||    19
       Lehudib's Crystal |       |       |       |       |       |       |     2 ||     2
 Abil: Evoke Flight      |       |       |       |     1 |       |     2 |       ||     3
Evoke: Wand              |       |       |     1 |       |       |     1 |       ||     2
       Lamp of fire      |       |       |       |       |       |     1 |       ||     1
       Sack of spiders   |       |       |       |       |       |     1 |       ||     1
  Use: Scroll            |       |       |    17 |    12 |     7 |    22 |       ||    58
       Potion            |       |       |     1 |     1 |     1 |    15 |       ||    18
 Stab: Sleeping          |       |     1 |     5 |     1 |       |     1 |       ||     8
  Eat: Chunk             |     2 |     5 |    19 |    25 |    30 |    24 |       ||   105
       Bread ration      |       |       |       |     2 |       |     6 |       ||     8
       Fruit             |       |       |       |     2 |     1 |     8 |       ||    11
       Meat ration       |       |       |       |       |       |     1 |       ||     1
       Royal jelly       |       |       |       |       |       |     2 |       ||     2
Armor: Robe              |    12 |     2 |    16 |       |       |       |       ||    30
       Ring mail         |       |       |    26 |    84 |     3 |       |       ||   113
       Leather armour    |       |       |       |       |    48 |   105 |     2 ||   155
Dodge: Dodged            |    43 |     7 |    78 |    95 |    84 |   193 |     2 ||   502
Block: Other             |       |       |    12 |       |       |       |       ||    12
       Reflection        |       |       |     1 |       |       |       |       ||     1
